 Dungeon Crawl Stone Soup version 0.23-a0-814-g91b4073 (webtiles) character file.

41 tidbits the Covered (level 3, 0/35 HPs)
             Began as a Gnoll Wanderer on Jan 21, 2019.
             Slain by an iguana (11 damage)
             ... on level 4 of the Dungeon.
             The game lasted 00:05:35 (439 turns).

tidbits the Covered (Gnoll Wanderer)                 Turns: 439, Time: 00:05:36

Health: 0/35       AC:  9    Str: 13    XL:     3   Next: 52%
Magic:  13/13      EV:  9    Int: 18    God:
Gold:   10         SH:  0    Dex: 12    Spells: 3/3 levels left

rFire    . . .     SeeInvis +   a - +0 mace
rCold    . . .     Gourm    .   (no shield)
rNeg     . . .     Faith    .   B - +2 scale mail
rPois    .         Spirit   .   (no helmet)
rElec    .         Reflect  .   (no cloak)
rCorr    .         Harm     .   (no gloves)
MR       .....                  (no boots)
Stlth    ..........             (no amulet)
HPRegen  0.11/turn              k - ring of magical power
MPRegen  0.13/turn              j - ring of see invisible

@: no status effects
A: distributed training, fangs 1, strong nose
a: no special abilities


You were on level 4 of the Dungeon.
You were full.

You visited 1 branch of the dungeon, and saw 4 of its levels.

You collected 10 gold pieces.

Inventory:

Hand Weapons
 a - a +0 mace (weapon)
 g - a +0 hunting sling
 n - a +0 whip
 p - a +0 hand crossbow
Missiles
 f - 36 arrows
Armour
 o - a +0 ring mail
 B - a +2 scale mail (worn)
Jewellery
 j - a ring of see invisible (right hand)
   (You found it on level 2 of the Dungeon)
 k - a ring of magical power (left hand)
   (You found it on level 2 of the Dungeon)
 W - an uncursed ring of wizardry
   (You found it on level 1 of the Dungeon)
Wands
 h - a wand of acid (10)
Scrolls
 b - a scroll of fear
 i - a scroll of identify
 m - a scroll of magic mapping
 t - a scroll of teleportation
Potions
 d - a potion of curing
 e - a potion of ambrosia
 l - a potion of flight
Comestibles
 c - 4 rations


   Skills:
 + Level 6.5 Fighting
 + Level 0.8 Short Blades
 + Level 0.8 Long Blades
 + Level 0.8 Axes
 + Level 4.5 Maces & Flails
 + Level 0.8 Polearms
 + Level 0.8 Staves
 + Level 0.8 Slings
 + Level 0.8 Bows
 + Level 0.8 Crossbows
 + Level 2.6 Throwing
 + Level 6.5 Armour
 + Level 0.8 Dodging
 + Level 0.8 Stealth
 + Level 2.6 Shields
 + Level 0.8 Unarmed Combat
 + Level 0.8 Spellcasting
 + Level 0.5 Conjurations
 + Level 0.5 Hexes
 + Level 0.5 Charms
 + Level 0.5 Summonings
 + Level 0.5 Necromancy
 + Level 0.5 Translocations
 + Level 0.5 Transmutations
 + Level 0.5 Fire Magic
 + Level 0.5 Ice Magic
 + Level 0.5 Air Magic
 + Level 0.5 Earth Magic
 + Level 0.5 Poison Magic
 + Level 1.0 Invocations
 + Level 0.8 Evocations


You had 3 spell levels left.
You didn't know any spells.
Your spell library was empty.

Dungeon Overview and Level Annotations

Branches:
Dungeon (4/15)
 Temple: D:4-7

Altars:


Innate Abilities, Weirdness & Mutations

Your experience applies equally to all skills.
You have very sharp teeth.
Your uncanny sense of smell can sniff out nearby items.


Message History

You closely miss the hobgoblin. The hobgoblin closely misses you.
You closely miss the hobgoblin.
The hobgoblin hits you but does no damage.
A frilled lizard comes into view.
The frilled lizard hisses angrily.
You hit the hobgoblin.
You kill the hobgoblin!
A rat comes into view.
Unknown command.
The rat closely misses you.
Unknown command.
You hit the rat.
You kill the rat!
You hit the frilled lizard but do no damage.
The frilled lizard closely misses you.
You miss the frilled lizard. Your bite misses the frilled lizard.
The frilled lizard bites you but does no damage. x2
You completely miss the frilled lizard. The frilled lizard closely misses you.
You hit the frilled lizard.
You kill the frilled lizard!
You see here a scroll of identify.
As you read the scroll of identify, it crumbles to dust.
l - a potion of flight
Okay, then.
Unknown command.
Found a scroll labeled MOVOAN MUUTIA.
Unknown command.
Found a ration.
An orc comes into view. It is wielding a +0 whip.
The orc shouts!
Unknown command.
You see here a scroll labeled MOVOAN MUUTIA.
As you read the scroll of identify, it crumbles to dust. a scroll of magic mapping
m - a scroll of magic mapping You hit the orc.
You kill the orc!
Your Invocations skill increases to level 1!
Things that are here:
a +0 whip; a +0 ring mail
Okay, then.
n - a +0 whip;
o - a +0 ring mail
Found a ration.
Unknown command.
You see here a ration.
You eat the ration.
That ration really hit the spot!
You see here a ration.
c - 4 rations (gained 1)
Found a hand crossbow.
Unknown command.
Found 8 gold pieces.
Unknown command.
You see here a hand crossbow.
p - a hand crossbow Unknown command.
There is a stone staircase leading down here.
You climb downwards.
Found 12 gold pieces.
There is a stone staircase leading up here.
Unknown command.
Unknown command.
An iguana comes into view.
The iguana hisses angrily.
Unknown command.
Unknown command.
Unknown command.
Unknown command.
Unknown command.
Unknown command.
Drop what? 19/52 slots (_ for help) (? for menu, Esc to quit)
Okay, then.
You hit the iguana.
The iguana is lightly wounded.
The iguana bites you!
You closely miss the iguana.
The iguana is lightly wounded.
The iguana barely misses you.
Your scale mail prevents you from hitting the iguana.
The iguana is lightly wounded.
The iguana bites you but does no damage.
You hit the iguana.
The iguana is lightly wounded.
The iguana bites you!
* * * LOW HITPOINT WARNING * * *
Evoke which item? (* to show all) (? for menu, Esc to quit)
Aiming: Corrosive Bolt
Press: ? - help, Shift-Dir - straight line, f - iguana
Aim: an iguana (lightly wounded)
The bolt of acid hits the iguana!
The iguana is splashed with acid.
The acid corrodes the iguana!
The iguana is almost dead.
The iguana bites you!
* * * LOW HITPOINT WARNING * * *
You hit the iguana.
The iguana is almost dead.
The iguana closely misses you.
You barely miss the iguana.
The iguana is almost dead.
The iguana bites you!
You die...

... #.# ...#
#.# ....####.#
.......#.#
....#...### #
#.....<.#####
#.#...........#
#.............#
##...@........#
#...l........#
#.............#
#........≈≈≈...
##...$...≈≈≈...
........≈≈≈..
#........≈≈≈.
#.........⌠.


You could see an iguana.

Vanquished Creatures
  An adder (D:2)
  2 dart slugs (D:1)
  A leopard gecko (D:1)
  An orc (D:3)
  3 goblins (D:1)
  3 hobgoblins
  5 jackals (D:1)
  3 kobolds (D:1)
  A ball python (D:1)
  2 bats
  2 frilled lizards
  A rat (D:3)
25 creatures vanquished.

Notes
Turn   | Place    | Note
-------+----------+-------------------------------------------
     0 | D:1      | tidbits the Gnoll Wanderer began the quest for the Orb.
     0 | D:1      | tidbits set off with the following items: a +2 scale mail,
                  | a +0 mace, a potion of curing, a ration
     0 | D:1      | Reached XP level 1. HP: 23/23 MP: 1/1
    73 | D:1      | Reached XP level 2. HP: 25/29 MP: 2/2
   155 | D:1      | Reached XP level 3. HP: 28/35 MP: 3/3
   384 | D:3      | Reached skill level 1 in Invocations
   439 | D:4      | Slain by an iguana

Vault maps used:
D:1:      wander_arrival_fairy_ring, minmay_fountain_box
D:2:      nicolae_ashenzari_panopticon, lemuel_doored_altar, serial_forest,
          infiniplex_forest_clump_small, infiniplex_forest_clump_diagonal,
          infiniplex_forest_clump_diagonal, infiniplex_forest_straight_2,
          infiniplex_forest_side_room, infiniplex_forest_corner_1,
          fedhas_altar_1, uniq_sigmund
D:4:      dancing_weapons_uskayaw, serial_park_tiny_pond, uniq_duvessa

Skill      XL: |  1  2  3 |
---------------+----------+-----
Invocations    | 1 |  1.0
Fighting       | |  6.5
Short Blades   | |  0.8
Long Blades    | |  0.8
Axes           | |  0.8
Maces & Flails | |  4.5
Polearms       | |  0.8
Staves         | |  0.8
Slings         | |  0.8
Bows           | |  0.8
Crossbows      | |  0.8
Throwing       | |  2.6
Armour         | |  6.5
Dodging        | |  0.8
Stealth        | |  0.8
Shields        | |  2.6
Unarmed Combat | |  0.8
Spellcasting   | |  0.8
Conjurations   | |  0.5
Hexes          | |  0.5
Charms         | |  0.5
Summonings     | |  0.5
Necromancy     | |  0.5
Translocations | |  0.5
Transmutations | |  0.5
Fire Magic     | |  0.5
Ice Magic      | |  0.5
Air Magic      | |  0.5
Earth Magic    | |  0.5
Poison Magic   | |  0.5
Evocations     | |  0.8

Action                   || total
-------------------------++-------
Melee: Mace              ||    90
       Bite              ||    10
Evoke: Wand              ||     1
  Use: Scroll            ||     5
  Eat: Ration            ||     1
Armor: Scale mail        ||    62
Dodge: Dodged            ||    69

Table legend:
 A = Non-vault XP
 B = Vault XP
 C = Vault XP percentage of total XP
 D = Non-vault monster count
 E = Vault monster count
 F = Vault count percentage of total count
                 A         B        C        D         E       F
            +---------+---------+-------+---------+---------+-------
      Total |      59 |       0 |   0.0 |      25 |       0 |   0.0
            +---------+---------+-------+---------+---------+-------
        D:1 |      38 |       0 |   0.0 |      19 |       0 |   0.0
        D:2 |      14 |       0 |   0.0 |       2 |       0 |   0.0
        D:3 |       7 |       0 |   0.0 |       4 |       0 |   0.0
            +---------+---------+-------+---------+---------+-------

Table legend:
 A = Turns spent in this place as a percentage of turns spent in the entire game.
 B = Non-inter-level travel turns spent in this place as a percentage of non-inter-level travel turns spent in the entire game.
 C = Inter-level travel turns spent in this place as a percentage of turns spent in this place.
 D = Turns resting spent in this place as a percentage of non-inter-level travel turns spent in this place.
 E = Turns spent auto-exploring this place as a percentage of non-inter-level travel turns spent in this place.
 F = Non-inter-level travel turns spent in this place divided by the number of levels of this place that you've seen.
                   A       B       C       D       E      F
               +-------+-------+-------+-------+-------+----------------------
         Total | 100.0 | 100.0 |   0.0 |   0.0 |   0.0 | 109.8
       Dungeon | 100.0 | 100.0 |   0.0 |   0.0 |   0.0 | 109.8
               +-------+-------+-------+-------+-------+----------------------

Table legend:
 A = Kills in this place as a percentage of kills in entire the game.
 B = Kills by you in this place as a percentage of kills by you in the entire game.
 C = Kills by friends in this place as a percentage of kills by friends in the entire game.
 D = Other kills in this place as a percentage of other kills in the entire game.
 E = Experience gained in this place as a percentage of experience gained in the entire game.
 F = Experience gained in this place divided by the number of levels of this place that you have seen.
                   A       B       C       D       E      F
               +-------+-------+-------+-------+-------+----------------------
         Total | 100.0 | 100.0 |   N/A |   N/A | 100.0 |  14.8
       Dungeon | 100.0 | 100.0 |   N/A |   N/A | 100.0 |  14.8
               +-------+-------+-------+-------+-------+----------------------

Vault maps used:
D:1:      wander_arrival_fairy_ring, minmay_fountain_box
D:2:      nicolae_ashenzari_panopticon, lemuel_doored_altar, serial_forest,
          infiniplex_forest_clump_small, infiniplex_forest_clump_diagonal,
          infiniplex_forest_clump_diagonal, infiniplex_forest_straight_2,
          infiniplex_forest_side_room, infiniplex_forest_corner_1,
          fedhas_altar_1, uniq_sigmund
D:4:      dancing_weapons_uskayaw, serial_park_tiny_pond, uniq_duvessa
